 Dungeon Crawl Stone Soup version 0.20.1-1-g8b1a95d (webtiles) character file.

14550 Chifra the Fighter (level 11, -6/90 HPs)
             Began as a Demonspawn Fighter on July 16, 2017.
             Was a High Priest of Okawaru.
             Killed from afar by Fannar (32 damage)
             ... with a bolt of cold
             ... on level 10 of the Dungeon.
             The game lasted 00:37:30 (12196 turns).

Chifra the Fighter (Demonspawn Fighter)            Turns: 12196, Time: 00:37:31

Health: -6/90      AC: 18    Str: 17    XL:     11   Next: 90%
Magic:  0/17       EV:  9    Int: 12    God:    Okawaru [*****.]
Gold:   585        SH: 13    Dex: 21    Spells: 1/10 levels left

rFire    . . .     SeeInvis .   u - +4 long sword (elec)
rCold    . . .     Gourm    .   c - +1 shield
rNeg     . . .     Faith    .   e - +0 plate armour of the Untouchables {Dex+3}
rPois    .         Spirit   +   (helmet restricted)
rElec    .         Reflect  .   O - +2 cloak
rCorr    .         Harm     .   (no gloves)
MR       .....                  m - +0 pair of boots
Stlth    ..........             w - amulet of guardian spirit
Regen    0.3/turn               C - +5 ring of dexterity (curse)
MPRegen  0.2/turn               (no ring)

@: no status effects
A: antennae 2, powered by pain 1, spiny 1, sturdy frame 1
a: Heroism, Finesse, Renounce Religion


You were on level 10 of the Dungeon.
You worshipped Okawaru.
Okawaru was extremely pleased with you.
You were not hungry.

You visited 2 branches of the dungeon, and saw 11 of its levels.
You also visited: Sewer.

You collected 738 gold pieces.
You spent 153 gold pieces at shops.

Inventory:

Hand Weapons
 r - a +2 dagger of freezing
 u - a +4 long sword of electrocution (weapon)
 H - a +1 scimitar of flaming
Missiles
 t - 3 throwing nets (quivered)
Armour
 c - a +1 shield (worn)
 e - the +0 plate armour of the Untouchables (worn) {Dex+3}
   (Okawaru gifted it to you on level 8 of the Dungeon)

   It affects your dexterity (+3).
 m - a +0 pair of boots (worn)
 O - a +2 cloak (worn)
Jewellery
 w - an amulet of guardian spirit (around neck)
 C - a cursed +5 ring of dexterity (left hand)
Wands
 D - a wand of lightning (8/15)
 E - a wand of digging (19/24)
 J - a wand of digging (6/24)
 L - a wand of lightning (6/15)
Scrolls
 b - 2 scrolls of identify
 i - 4 scrolls of amnesia
 k - 7 scrolls of remove curse
 n - 3 scrolls of recharging
 p - a scroll of blinking
 v - 5 scrolls of teleportation
 y - a scroll of enchant armour
 F - 2 scrolls of fog
 N - 2 scrolls of fear
Potions
 a - 4 potions of curing
 d - 3 potions of might
 g - a potion of agility
 h - 3 potions of flight
 j - 3 potions of brilliance
 l - a potion of magic {unknown}
 o - 2 potions of invisibility {unknown}
 s - a potion of ambrosia
 x - 3 potions of heal wounds
 z - a potion of resistance {unknown}
 A - 3 potions of lignification
 B - 2 potions of mutation
 M - a potion of cancellation {unknown}
Books
 K - a book of Battle

   Spells                             Type                      Level
   a - Infusion                       Charms                       1
   b - Shroud of Golubria             Charms/Translocation         2
   c - Song of Slaying                Charms                       2
   d - Spectral Weapon                Hexes/Charms                 3
   e - Regeneration                   Charms/Necromancy            3
Comestibles
 f - 4 bread rations
 q - 6 meat rations
 G - 6 royal jellies


   Skills:
 + Level 9.6 Fighting
 + Level 8.4 Long Blades
 + Level 8.7 Armour
 + Level 6.3 Dodging
 + Level 8.7 Shields
 - Level 8.1 Invocations


You had one spell level left.
You knew the following spells:

 Your Spells              Type           Power        Failure   Level  Hunger
a - Conjure Flame         Conj/Fire      #.......     100%        3    ####...
b - Blink                 Tloc           N/A          100%        2    ###....
c - Shroud of Golubria    Chrm/Tloc      #.........   100%        2    ###....
d - Song of Slaying       Chrm           #.......     100%        2    ###....


Dungeon Overview and Level Annotations

Branches:
Dungeon (10/15)            Temple (1/1) D:7             Orc (0/2) D:9
   Lair: D:8-11

Altars:
Ashenzari
Cheibriados
Dithmenos
Elyvilon
Fedhas
Gozag
Hepliaklqana
Kikubaaqudgha
Makhleb
Nemelex Xobeh
Okawaru
Qazlal
Ru
Sif Muna
Trog
Uskayaw
Vehumet
Xom
Yredelemnul
Zin
The Shining One

Shops:
D:5 !*   D:8 *   D:10 !

Annotations:
D:9 exclusion: obsidian statue
D:10 Fannar


Innate Abilities, Weirdness & Mutations

You have a pair of antennae on your head.
You sometimes gain a little power by taking damage.
You are partially covered in sharp spines.
Your movements are slightly less encumbered by armour. (ER -2)


Message History

* * * LOW HITPOINT WARNING * * *
The ice beast hits you but does no damage. x2
You hit Fannar but do no damage.
Fannar is almost dead.
You block Fannar's attack. The ice beast is struck by your spines.
The ice beast hits you but does no damage.
The ice beast is struck by your spines. The ice beast closely misses you.
Unknown command.
You hit Fannar.
Fannar is almost dead.
You block Fannar's attack. The ice beast is struck by your spines.
The ice beast hits you but does no damage.
The ice beast is struck by your spines.
The ice beast hits you but does no damage.
Unknown command.
You closely miss Fannar.
Fannar is almost dead.
Fannar points at you and mumbles some strange words.
The bolt of cold hits you!
You die...

#...)≈≈≈≈≈≈≈≈≈)..)).....#
#..))≈#######≈.#.########
###..≈#....(#≈.#....#
#..≈#..(..#≈.####.#
#..≈#.....#≈.####.#
#.)≈#.....#≈.#....#
#..≈###'###≈.#.#######
#...'.....#≈.#.e......
#...'..(..#≈.#@Y######
#..≈###(###≈.#.Y#
#..≈#.....#≈.#.....#
#.)≈#)....#≈.#.....#
#..≈#.....#≈.#######
#..≈#.....#≈.#
#..≈#######≈.#
#..≈≈≈≈≈≈≈≈≈.#
#............#


You could see Fannar and 2 ice beasts.

Vanquished Creatures
  Erica (D:10)
  5 two-headed ogres
  Pikel (D:7)
  A cyclops (D:10)
  Joseph (D:10)
  Maurice (D:8)
  A centaur skeleton (D:10)
  The ghost of MDKed the Slasher, a novice HuCK of Xom (D:5)
  A troll (D:9)
  Prince Ribbit (D:7)
  A hippogriff (D:7)
  A human (D:9)
  2 steam dragons (D:6)
  3 hogs (D:9)
  A yak (D:9)
  A hungry ghost (D:8)
  4 wargs (D:10)
  Duvessa (D:6)
  15 orc warriors
  2 slaves (D:7)
  3 phantoms
  2 ice beasts
  A hornet zombie (D:10)
  5 sky beasts
  A necrophage (D:8)
  4 centaurs
  5 ogres
  3 big kobolds
  3 bullfrogs
  Dowan (D:6)
  6 scorpions
  3 killer bees (D:8)
  An electric eel (D:10)
  9 wights
  3 howler monkeys
  5 crimson imps
  A bullfrog zombie (D:8)
  3 hounds
  A quasit (D:5)
  4 jellies
  4 orc priests
  6 orc wizards
  A bullfrog skeleton (D:8)
  A gnoll shaman (D:4)
  2 iguanas
  8 worker ants
  2 hound zombies
  A hound skeleton (D:9)
  A howler monkey zombie (D:8)
  2 worker ant zombies (D:8)
  3 gnolls
  14 adders
  A shadow imp (D:7)
  12 oozes
  An adder zombie (D:9)
  2 adder skeletons
  9 worms
  A dart slug (D:2)
  8 leopard geckos
  52 orcs
  2 ball pythons
  10 bats
  6 giant cockroaches
  7 goblins
  5 hobgoblins
  16 jackals
  30 kobolds
  A quokka (D:3)
  8 frilled lizards
  A giant cockroach zombie (D:5)
  A leopard gecko skeleton (D:8)
  A quokka skeleton (D:4)
  8 rats
336 creatures vanquished.

Vanquished Creatures (others)
  A slave (D:7)
  A jelly (D:7)
  A worker ant (D:7)
  2 fungi (D:2)
  9 toadstools (D:2)
14 creatures vanquished.

Grand Total: 350 creatures vanquished

Notes
Turn   | Place    | Note
-------+----------+-------------------------------------------
     0 | D:1      | Chifra the Demonspawn Fighter began the quest for the Orb.
     0 | D:1      | Reached XP level 1. HP: 18/18 MP: 1/1
   338 | D:1      | Gained mutation: You have a pair of small antennae on your head. [demonic ancestry]
   338 | D:1      | Reached XP level 2. HP: 19/24 MP: 2/2
  1315 | D:2      | Gained mutation: You are partially covered in sharp spines. [demonic ancestry]
  1315 | D:2      | Reached XP level 3. HP: 28/29 MP: 3/3
  1439 | D:2      | Reached skill level 1 in Dodging
  1710 | D:2      | Found a bloodstained altar of Trog.
  1710 | D:2      | Found an iron altar of Okawaru.
  1733 | D:2      | Became a worshipper of Warmaster Okawaru
  1810 | D:2      | Reached XP level 4. HP: 27/35 MP: 4/4
  2133 | D:2      | Gained mutation: Your movements are slightly less encumbered by armour. (ER -2) [demonic ancestry]
  2133 | D:2      | Reached XP level 5. HP: 30/42 MP: 5/5
  2749 | D:3      | Reached skill level 4 in Fighting
  3219 | D:4      | Reached XP level 6. HP: 8/48 MP: 6/6
  3371 | D:4      | Reached skill level 7 in Fighting
  3371 | D:4      | Reached skill level 5 in Long Blades
  3371 | D:4      | Reached skill level 5 in Dodging
  3371 | D:4      | Gained mutation: You sometimes gain a little power by taking damage. [demonic ancestry]
  3371 | D:4      | Reached XP level 7. HP: 36/60 MP: 7/7
  3517 | D:4      | Found a glowing drain.
  3526 | Sewer    | Entered a sewer
  3531 | Sewer    | Reached * piety under Okawaru
  4544 | D:4      | Found an ancient bone altar of Kikubaaqudgha.
  4677 | D:4      | Found a shadowy altar of Dithmenos.
  4744 | D:5      | Entered Level 5 of the Dungeon
  4760 | D:4      | Reached skill level 1 in Invocations
  4795 | D:4      | Reached XP level 8. HP: 63/67 MP: 8/8
  5104 | D:5      | Found Zin's Purification Station.
  5112 | D:5      | Noticed MDKed's ghost (novice HuCK)
  5132 | D:5      | Killed MDKed's ghost
  5140 | D:5      | Reached ** piety under Okawaru
  5170 | D:5      | Found Kifemiq's Distillery.
  5199 | D:5      | Bought a potion of curing for 36 gold pieces
  5319 | D:5      | Found a glowing silver altar of Zin.
  5536 | D:5      | Found a hide-covered altar of Uskayaw.
  5540 | D:5      | Found a hazy altar of Hepliaklqana.
  5544 | D:5      | Found a white marble altar of Elyvilon.
  6105 | D:6      | Noticed Dowan
  6107 | D:6      | Noticed Duvessa
  6109 | D:6      | Reached XP level 9. HP: 67/72 MP: 11/11
  6122 | D:6      | Killed Dowan
  6127 | D:6      | Killed Duvessa
  6782 | D:7      | Noticed Prince Ribbit
  6789 | D:7      | Killed Prince Ribbit
  6822 | D:7      | Reached *** piety under Okawaru
  6913 | D:7      | Noticed Pikel
  6956 | D:7      | Killed Pikel
  6956 | D:7      | Reached **** piety under Okawaru
  6988 | D:7      | Reached skill level 8 in Fighting
  6988 | D:7      | Reached XP level 10. HP: 62/80 MP: 11/13
  7192 | D:7      | Found a staircase to the Ecumenical Temple.
  7209 | Temple   | Entered the Ecumenical Temple
  7615 | D:8      | Found Pothremm's Island Escapes.
  7631 | D:8      | Reached skill level 5 in Invocations
  7648 | D:8      | Noticed a two-headed ogre
  7958 | D:8      | Learned a level 3 spell: Conjure Flame
  8056 | D:8      | Reached ***** piety under Okawaru
  8068 | D:8      | Killed a two-headed ogre
  8696 | D:8      | Found a burning altar of Makhleb.
  8886 | D:8      | Noticed Maurice
  8902 | D:8      | Killed Maurice
  8902 | D:8      | Received a gift from Okawaru
  8905 | D:8      | Got an ichor-stained plate armour {god gift}
  9224 | D:8      | Identified the +0 plate armour of the Untouchables {Dex+3} (Okawaru gifted it to you on level 8 of the Dungeon)
  9440 | D:8      | Bought a scroll of blinking for 105 gold pieces
 10128 | D:9      | Gained mutation: You have a pair of antennae on your head. [demonic ancestry]
 10128 | D:9      | Reached XP level 11. HP: 78/87 MP: 13/15
 10283 | D:9      | Noticed an obsidian statue
 10451 | D:9      | Found a staircase to the Orcish Mines.
 10653 | D:9      | Learned a level 2 spell: Blink
 11032 | D:10     | Entered Level 10 of the Dungeon
 11141 | D:10     | Noticed Erica
 11158 | D:10     | Killed Erica
 11158 | D:10     | Reached skill level 9 in Fighting
 11342 | D:10     | Noticed a two-headed ogre
 11356 | D:10     | Killed a two-headed ogre
 11422 | D:10     | Noticed a two-headed ogre
 11428 | D:10     | Killed a two-headed ogre
 11444 | D:10     | Learned a level 2 spell: Shroud of Golubria
 11447 | D:10     | Learned a level 2 spell: Song of Slaying
 11472 | D:10     | Found Muist's Distillery.
 11477 | D:10     | Bought a potion of degeneration for 12 gold pieces
 11613 | D:10     | Noticed a two-headed ogre
 11627 | D:10     | Killed a two-headed ogre
 11872 | D:10     | Noticed a two-headed ogre
 11882 | D:10     | Killed a two-headed ogre
 11896 | D:10     | Noticed Joseph
 11911 | D:10     | Killed Joseph
 11958 | D:10     | Received a gift from Okawaru
 12173 | D:10     | Noticed Fannar
 12196 | D:10     | Killed from afar by Fannar

Skill      XL: |  1  2  3  4  5  6  7  8  9 10 11 |
---------------+----------------------------------+-----
Long Blades    | 2 5 6 7 8 |  8.4
Shields        | 3 6 7 8 |  8.7
Dodging        | 1 2 5 6 |  6.3
Armour         | 3 6 7 8 |  8.7
Fighting       | 4 7 8 9 |  9.6
Invocations    | 1 2 4 6 8 |  8.1

Action                   |  1- 3 |  4- 6 |  7- 9 | 10-12 || total
-------------------------+-------+-------+-------+-------++-------
Melee: Long sword        |    91 |   123 |   273 |   452 ||   939
Invok: Heroism           |       |       |     1 |       ||     1
  Use: Scroll            |       |     9 |     6 |     9 ||    24
       Potion            |       |     1 |     3 |     2 ||     6
 Stab: Invisible         |       |       |     2 |       ||     2
  Eat: Chunk             |     3 |     5 |     3 |     9 ||    20
       Meat ration       |       |       |     1 |     1 ||     2
       Bread ration      |       |       |     1 |     1 ||     2
Armor: Scale mail        |    17 |       |       |       ||    17
       Ring mail         |    16 |    15 |       |       ||    31
       Plate armour      |       |    30 |   153 |   187 ||   370
Dodge: Dodged            |    29 |    21 |    94 |   133 ||   277
Block: Shield            |    36 |    68 |   201 |   326 ||   631
       Rpst.: Long sword |     9 |     7 |    38 |    40 ||    94
